 Dungeon Crawl Stone Soup version 0.29-a0-9-g022ca4c890 (webtiles) character file.

Game seed: 16554109693802439050

55381 issech the Blocker (level 14, 0/129 HPs)
             Began as a Troll Monk on Jan 28, 2022.
             Was a High Priest of Hepliaklqana.
             Constricted to death by an anaconda (3 damage)
             ... on level 2 of the Snake Pit.
             The game lasted 01:43:46 (18803 turns).

issech the Blocker (Troll Monk)                    Turns: 18803, Time: 01:43:48

Health: 0/129      AC:  9    Str: 28    XL:     14   Next: 38%
Magic:  13/13      EV:  9    Int:  6    God:    Hepliaklqana [*****.]
Gold:   1039       SH: 19    Dex: 16    Spells: 13/13 levels left

rFire   + . .      SeeInvis .   v - +8 woodcutter's axe {vorpal}
rCold   x . .      Faith    .   d - +1 tower shield
rNeg    . . .      Spirit   .   R - +2 troll leather armour
rPois   +          Reflect  .   (helmet restricted)
rElec   +          Harm     .   x - +0 cloak {rCorr}
rCorr   +          Rampage  .   (gloves unavailable)
Will    +....                   (boots unavailable)
Stlth   +++.......              n - amulet of the acrobat
HPRegen 1.91/turn               j - +6 ring of strength
MPRegen 0.13/turn               K - ring of the Thoughtful Seers {Fire Fly rElec rPois Slay+2}

@: mighty, flying, constricted
A: reduced essence, large, unfitting armour, claws 3, regeneration 1, shaggy fur
1, tough skin 1
a: Renounce Religion, Recall Ancestor, Ancestor Identity, Transference, Idealise


You were on level 2 of the Snake Pit.
You worshipped Hepliaklqana.
Hepliaklqana was extremely pleased with you.
You visited 4 branches of the dungeon, and saw 17 of its levels.

You collected 1154 gold pieces.
You spent 115 gold pieces at shops.

Inventory:

Hand Weapons
 t - the +8 hand axe "Fyivooh" {protect, MP-9 Dex+5}
   (You found it on level 3 of the Dungeon)

   It grants its wielder temporary protection when it strikes (+7 to AC).
   Dex:       It affects your dexterity (+5).
   MP:        It affects your magic capacity (-9).
 u - the +5 hand axe of Baecverr {flame, rElec rF++ Str-4 Dex+4}
   (You found it on level 3 of the Dungeon)

   It burns those it strikes, dealing additional fire damage.
   Big, fiery blades are also staple armaments of hydra-hunters.
   Str:       It affects your strength (-4).
   Dex:       It affects your dexterity (+4).
   rF:        It greatly protects you from fire.
   rElec:     It insulates you from electricity.
 v - the +8 woodcutter's axe (weapon) {vorpal}
   (You found it on level 3 of the Dungeon)

   It inflicts extra damage upon your enemies.
 M - a +4 shortbow of flaming
 S - a +4 flail of flaming
 U - a +5 great sword
 V - a +5 trident
 W - a +5 dire flail
Missiles
 a - 5 javelins (quivered)
 e - 254 sling bullets
 h - 147 arrows
 i - 413 stones
 w - 180 bolts
 y - 6 silver boomerangs
 H - 5 atropa-tipped darts
 L - 4 throwing nets
 Q - 27 poisoned darts
Armour
 d - a +1 tower shield (worn)
 x - a +0 cloak of preservation (worn)
 A - a +1 cloak
 D - a scarf of repulsion
 R - a +2 troll leather armour (worn)
 Y - the +4 robe of Folly {Brilliance Will-∞ Int+8}
   (You took it off a kobold brigand on level 8 of the Dungeon)

   It increases the power of your magical spells.
   It halves the magic cost of your spells (rounding up).
   It reduces your willpower to zero.
   Int:       It affects your intelligence (+8).
 Z - +0 acid dragon scales
Jewellery
 j - a +6 ring of strength (left claw)
 n - an amulet of the acrobat (around neck)
 J - a ring of protection from cold
 K - the ring of the Thoughtful Seers (right claw) {Fire Fly rElec rPois Slay+2}
   (You found it on level 7 of the Dungeon)

   [ring of fire]

   It enhances your fire magic.
   Slay:      It affects your accuracy & damage with ranged weapons and melee
   (+2).
   rF:        It protects you from fire.
   rC:        It makes you vulnerable to cold.
   rElec:     It insulates you from electricity.
   rPois:     It protects you from poison.
   Fly:       It grants you flight.
 P - a +6 ring of strength
Wands
 q - a wand of mindburst (3)
 s - a wand of acid (9)
 G - a wand of digging (9)
 O - a wand of polymorph (10)
 T - a wand of flame (63)
 X - a wand of iceblast (16)
Scrolls
 b - a scroll of magic mapping
 c - 5 scrolls of teleportation
 r - a scroll of identify
 B - a scroll of immolation
 I - 2 scrolls of blinking
 N - a scroll of fear
Potions
 f - 2 potions of invisibility
 g - 4 potions of lignification
 k - 2 potions of might
 l - a potion of berserk rage
 m - 3 potions of mutation
 o - 8 potions of curing
 p - 4 potions of cancellation
 z - 2 potions of heal wounds
 C - 2 potions of resistance
 E - 7 potions of haste
Miscellaneous
 F - a condenser vane


   Skills:
 + Level 10.3 Fighting
 + Level 10.3(10.6) Axes
 + Level 4.0(8.3) Maces & Flails
 + Level 0.4 Throwing
 + Level 3.9 Armour
 + Level 8.7 Dodging
 + Level 5.2 Stealth
 + Level 13.7 Shields


You had 13 spell levels left.
You didn't know any spells.
Your spell library contained the following spells:

 Spells                   Type           Power      Damage    Failure   Level
 Beastly Appendage        Tmut           0%         N/A       86%         1
 Magic Dart               Conj           0%         1d3       86%         1
 Slow                     Hex            0%         N/A       86%         1
 Blink                    Tloc           0%         N/A       94%         2
 Call Imp                 Summ           0%         N/A       94%         2
 Wereblood                Tmut           0%         N/A       94%         2
 Confusing Touch          Hex            0%         N/A       99%         3
 Dazzling Flash           Conj/Hex       0%         N/A       99%         3
 Mephitic Cloud           Conj/Pois/Air  0%         N/A       99%         3
 Portal Projectile        Hex/Tloc       0%         N/A       99%         3
 Spider Form              Tmut/Pois      0%         N/A       99%         3
 Vampiric Draining        Necr           0%         2d6       99%         3
 Iskenderun's Mystic Bla  Conj/Tloc      0%         2d3       100%        4
 Blade Hands              Tmut           0%         N/A       100%        5
 Excruciating Wounds      Necr           0%         N/A       100%        5
 Irradiate                Conj/Tmut      0%         3d13      100%        5
 Manifold Assault         Tloc           0%         N/A       100%        5
 Yara's Violent Unravell  Hex/Tmut       0%         3d3       100%        5
 Starburst                Conj/Fire      0%         6d3       100%        6
 Dragon Form              Tmut           0%         N/A       100%        7
 Enfeeble                 Hex            0%         N/A       100%        7
 Storm Form               Tmut/Air       0%         N/A       100%        7


Dungeon Overview and Level Annotations

Branches:
Dungeon (10/15)            Temple (1/1) D:6            Lair (4/6) D:10
 Shoals (0/4) Lair:4        Snake (2/4) Lair:4          Orc (0/2) D:10

Altars:
Ashenzari
Cheibriados
Dithmenos
Elyvilon
Fedhas
Gozag
Hepliaklqana
Kikubaaqudgha
Makhleb
Nemelex Xobeh
Okawaru
Qazlal
Ru
Sif Muna
Trog
Uskayaw
Vehumet
Wu Jian
Xom
Yredelemnul
Zin
The Shining One

Shops:
D:3 [   D:4 (   D:7 *   D:10 (


Innate Abilities, Weirdness & Mutations

Your life essence is reduced to manifest your ancestor. (-10% HP)
You are too large for most types of armour.
You have claws for hands.
Your natural rate of healing is unusually fast.
You are covered in fur. (AC +1)
You have tough skin. (AC +1)


Message History

You block the anaconda's attack. The anaconda closely misses you.
You block the anaconda's attack. The anaconda closely misses you.
The naga sharpshooter shoots an arrow.
You block the arrow. You block the anaconda's attack. x2
The naga mage points at the naga sharpshooter and mumbles some strange words.
The naga sharpshooter seems to grow toxic.
The anaconda completely misses you. You block the anaconda's attack.
The naga sharpshooter mumbles some strange words.
The naga sharpshooter magically shoots an arrow.
The arrow completely misses you. The anaconda closely misses you.
The anaconda bites you.
* * * LOW HITPOINT WARNING * * *
You block the anaconda's attack. x2
You block the anaconda's attack. The anaconda closely misses you.
You block the anaconda's attack. x2
You block the anaconda's attack. x2
You block the anaconda's attack. The anaconda barely misses you.
You block the anaconda's attack. x2
You block the anaconda's attack. x2
There is an escape hatch in the ceiling here.
The anaconda grabs you.
You stop ascending the stairs.
The anaconda barely misses you. The anaconda constricts you.
* * * LOW HITPOINT WARNING * * *
The anaconda bites you.
* * * LOW HITPOINT WARNING * * *
The anaconda constricts you.
* * * LOW HITPOINT WARNING * * *
Unknown command.
You escape the anaconda's grasp.
The anaconda grabs you.
You stop ascending the stairs.
You block the anaconda's attack. The anaconda constricts you.
* * * LOW HITPOINT WARNING * * *
Unknown command.
You feel very mighty all of a sudden. The anaconda completely misses you.
The anaconda constricts you.
* * * LOW HITPOINT WARNING * * *
The anaconda bites you!
* * * LOW HITPOINT WARNING * * *
The anaconda constricts you.
You die...

..................##........N....
....#..)...........##.##.........
....#..)..).....##....##.........
##....##........##...............
.#...###..............)..........
##...# ###...........†.)..##.....
.###.# ###...........###.#####.
..##.# #....S.###..# ## # #..#.#
###..@.# #### #..#.# #####.#
#....# ## #..### #..# ..## .## ##


You could see an anaconda.

Vanquished Creatures
  A naga warrior (Lair:4)
  4 hydras
  2 anacondas (Snake:1)
  Erica (D:8)
  5 death yaks
  2 two-headed ogres
  A naga sharpshooter (Snake:2)
  5 naga ritualists
  Pikel (D:6)
  2 mana vipers (Snake:1)
  The ghost of fragbeetle the Thaumaturge, a novice GnWz (D:7)
  2 salamanders
  A merfolk siren (Lair:4)
  10 black mambas
  A naga mage (Snake:1)
  A gargoyle (D:10)
  6 cane toads
  2 komodo dragons
  A polar bear (Lair:4)
  A hornet (D:9)
  8 blink frogs (Lair:4)
  7 dream sheep (Lair:4)
  2 shadows
  34 yaks
  5 wyverns
  7 vampire mosquitoes
  2 basilisks
  Menkaure (D:6)
  7 nagas
  An acid dragon (D:10)
  Duvessa (D:4)
  9 water moccasins
  4 orc warriors
  2 ice beasts (D:7)
  A swamp drake (Lair:3)
  A necrophage (D:7)
  13 wolves
  2 centaurs
  2 lemures (D:6)
  A phantom (D:10)
  2 kobold brigands (D:8)
  Blork the orc (D:4)
  5 bullfrogs
  A scorpion (D:6)
  A gnoll sergeant (D:2)
  Dowan (D:4)
  15 wights
  2 electric eels
  A lava snake (Lair:1)
  3 centaur zombies
  A bullfrog zombie (D:6)
  4 orc priests
  A bullfrog skeleton (D:6)
  3 hounds
  2 gnoll shamans
  3 iguanas
  5 orc wizards
  A bullfrog simulacrum (D:7)
  5 ogre zombies (D:10)
  A hound zombie (D:5)
  3 howler monkey zombies
  17 gnolls
  4 adders
  An ufetubus (D:6)
  2 adder skeletons (D:4)
  2 worms
  3 dart slugs
  47 orcs
  9 endoplasms
  9 giant cockroaches
  4 goblins
  7 hobgoblins
  18 kobolds
  5 quokkas
  6 ball pythons
  7 bats
  A frilled lizard (D:1)
  A goblin zombie (D:10)
  A hobgoblin skeleton (D:10)
  A hobgoblin zombie (D:10)
  4 orc skeletons (D:10)
  11 orc zombies (D:10)
  4 rats
  A plant (Lair:4)
386 creatures vanquished.

Vanquished Creatures (collateral kills)
  A nagaraja (Snake:2)
  A naga warrior (Snake:1)
  An anaconda (Snake:2)
  Nergalle (Lair:3)
  2 lindwurms (Lair:2)
  3 mana vipers
  An orc sorcerer (D:10)
  A salamander (Snake:1)
  8 black mambas
  7 cane toads
  Psyche (D:9)
  A rime drake (Lair:1)
  A komodo dragon (Lair:1)
  2 polar bears (Lair:4)
  A troll (D:10)
  5 blink frogs (Lair:4)
  3 wyverns
  15 yaks
  A basilisk (Lair:2)
  2 vampire mosquitoes (Lair:3)
  3 nagas
  An acid dragon (D:9)
  4 water moccasins
  2 orc warriors (D:9)
  A sky beast (D:8)
  3 ice beasts
  4 wolves
  A phantom (D:10)
  A kobold brigand (D:10)
  4 bullfrogs
  A scorpion (D:10)
  3 killer bees (D:9)
  3 wights
  2 electric eels (Lair:1)
  A centaur zombie (D:9)
  2 lava snakes (Lair:1)
  An orc priest (D:9)
  An orc wizard (D:9)
  An ogre zombie (D:10)
  A centaur simulacrum (D:7)
  3 white imps (D:7)
  An ufetubus (D:7)
  5 orcs
  A kobold (D:8)
  An orc zombie (D:10)
  2 bushes
111 creatures vanquished.

Vanquished Creatures (others)
  11 battlemagi
  A bush (Lair:2)
  21 fungi
  95 plants
128 creatures vanquished.

Grand Total: 625 creatures vanquished

Notes
Turn   | Place    | Note
-------+----------+-------------------------------------------
     0 | D:1      | issech the Troll Monk began the quest for the Orb.
     0 | D:1      | Reached XP level 1. HP: 22/22 MP: 0/0
   110 | D:1      | Reached XP level 2. HP: 29/29 MP: 1/1
   538 | D:1      | Found a faded altar of an unknown god.
   835 | D:2      | Reached XP level 3. HP: 36/36 MP: 2/2
  1624 | D:3      | Found a white marble altar of Elyvilon.
  1700 | D:3      | Found an ancient bone altar of Kikubaaqudgha.
  1721 | D:3      | Reached XP level 4. HP: 40/44 MP: 3/3
  1723 | D:3      | Identified the +8 hand axe "Fyivooh" {protect, MP-9 Dex+5}
  1737 | D:3      | Noticed a gnoll sergeant
  1737 | D:3      | Found the +8 woodcutter's axe {vorpal}
  1745 | D:3      | Identified the +5 hand axe of Baecverr {flame, rElec rF++
                  | Str-4 Dex+4}
  1807 | D:2      | Killed a gnoll sergeant
  1808 | D:2      | Reached XP level 5. HP: 42/53 MP: 4/4
  1931 | D:3      | Reached skill level 1 in Shields
  2547 | D:3      | Found Suhokhlam's Armour Shoppe.
  2555 | D:3      | Bought a +0 cloak of preservation for 115 gold pieces
  2710 | D:3      | Reached skill level 1 in Axes
  3210 | D:4      | Reached XP level 6. HP: 61/61 MP: 5/5
  3214 | D:4      | Noticed an orc warrior
  3254 | D:3      | Killed an orc warrior
  3302 | D:4      | Noticed Dowan
  3310 | D:4      | Noticed Duvessa
  3356 | D:4      | Killed Duvessa
  3357 | D:4      | Reached skill level 2 in Shields
  3365 | D:4      | Killed Dowan
  3366 | D:4      | Reached XP level 7. HP: 67/67 MP: 6/6
  3604 | D:4      | Found Ocyeloel's Weapon Shoppe.
  3735 | D:4      | Found a sparkling altar of Nemelex Xobeh.
  4403 | D:5      | Entered Level 5 of the Dungeon
  4584 | D:5      | Noticed Blork the orc
  4627 | D:4      | Killed Blork the orc
  4670 | D:5      | Reached skill level 3 in Shields
  4695 | D:5      | Identified a scroll of acquirement
  4696 | D:5      | Acquired a manual of Shields
  5037 | D:6      | Noticed a two-headed ogre
  5340 | D:5      | Killed a two-headed ogre
  5341 | D:5      | Reached skill level 4 in Shields
  5341 | D:5      | Reached XP level 8. HP: 79/79 MP: 7/7
  5452 | D:6      | You fall into a shaft and drop 3 floors!
  5534 | D:8      | Reached skill level 5 in Shields
  5592 | D:8      | Noticed Erica
  5597 | D:8      | Reached skill level 5 in Dodging
  5608 | D:8      | Reached skill level 5 in Fighting
  5608 | D:8      | Reached XP level 9. HP: 54/88 MP: 8/8
  5701 | D:8      | Killed Erica
  5702 | D:8      | Reached skill level 6 in Shields
  5781 | D:7      | Found Osoba's Elemental Accessories.
  6019 | D:7      | Noticed fragbeetle's ghost (novice GnWz)
  6206 | D:6      | Reached skill level 7 in Shields
  6423 | D:6      | Reached XP level 10. HP: 91/97 MP: 9/9
  6479 | D:6      | Noticed Menkaure
  6483 | D:6      | Killed Menkaure
  6667 | D:6      | Found a staircase to the Ecumenical Temple.
  6680 | Temple   | Entered the Ecumenical Temple
  6969 | D:6      | Noticed Pikel
  6977 | D:6      | Killed Pikel
  6978 | D:6      | Reached skill level 5 in Axes
  6978 | D:6      | Reached skill level 8 in Shields
  7133 | D:6      | Found a hazy altar of Hepliaklqana.
  7138 | D:6      | Became a worshipper of Hepliaklqana the Forgotten
  7138 | D:6      | Reached * piety under Hepliaklqana
  7138 | D:6      | Reached ** piety under Hepliaklqana
  7139 | D:6      | Remembered your ancestor Nozipho as a battlemage
  7539 | D:7      | Found a basalt altar of Yredelemnul.
  7559 | D:7      | Found a glowing silver altar of Zin.
  7574 | D:7      | Found a runed translucent gate.
  7574 | D:7      | Found a runed translucent gate.
  7574 | D:7      | Found a runed translucent gate.
  8180 | D:7      | Killed fragbeetle's ghost
  8241 | D:7      | Got the ring of the Thoughtful Seers {Fire Fly rElec rPois
                  | Slay+2}
  8418 | D:8      | Found a shadowy altar of Dithmenos.
  8796 | D:9      | Found an iron altar of Okawaru.
  8826 | D:9      | Reached skill level 9 in Shields
  8851 | D:9      | Noticed Psyche
  8864 | D:9      | Killed Psyche
  9008 | D:9      | Noticed a two-headed ogre
  9017 | D:9      | Killed a two-headed ogre
  9323 | D:9      | Reached XP level 11. HP: 98/98 MP: 10/10
  9706 | D:10     | Entered Level 10 of the Dungeon
  9744 | D:10     | Reached skill level 10 in Shields
  9773 | D:10     | Found a staircase to the Lair.
  9955 | D:10     | Noticed an orc sorcerer
  9979 | D:10     | Killed an orc sorcerer
 10224 | D:10     | Reached *** piety under Hepliaklqana
 10299 | D:10     | Found Pudeimos's Antique Weapon Shop.
 10374 | D:10     | Found a staircase to the Orcish Mines.
 10794 | Lair:1   | Entered Level 1 of the Lair of Beasts
 10807 | Lair:1   | Reached skill level 11 in Shields
 10867 | Lair:1   | Noticed an eight-headed hydra
 10876 | Lair:1   | Killed a five-headed hydra
 11128 | Lair:1   | Noticed a four-headed hydra
 11137 | Lair:1   | Reached skill level 1 in Armour
 11138 | Lair:1   | Killed a one-headed hydra
 11314 | Lair:1   | Noticed a six-headed hydra
 11335 | Lair:1   | Reached XP level 12. HP: 62/109 MP: 3/11
 11434 | Lair:1   | Killed a two-headed hydra
 12359 | Lair:2   | Reached **** piety under Hepliaklqana
 12588 | Lair:2   | Reached skill level 12 in Shields
 13138 | Lair:3   | Reached ***** piety under Hepliaklqana
 13158 | Lair:3   | Noticed Nergalle
 13169 | Lair:3   | Killed Nergalle
 13723 | Lair:3   | Noticed a four-headed hydra
 13728 | Lair:3   | Reached XP level 13. HP: 117/117 MP: 12/12
 14672 | Lair:4   | Found a staircase to the Snake Pit.
 14839 | Lair:4   | Found a staircase to the Shoals.
 15334 | Lair:4   | Reached skill level 13 in Shields
 15678 | Snake:1  | Entered Level 1 of the Snake Pit
 16561 | Snake:1  | Reached skill level 10 in Axes
 16658 | Snake:1  | Reached skill level 5 in Stealth
 16885 | Snake:1  | Reached skill level 10 in Fighting
 16885 | Snake:1  | Reached XP level 14. HP: 51/128 MP: 3/13
 18010 | Snake:2  | Noticed a nagaraja
 18250 | Snake:2  | Killed a nagaraja
 18253 | Snake:1  | HP: 3/128 [poisoned by a naga ritualist (splash of poison)]
 18785 | Snake:2  | HP: 1/129 [naga sharpshooter/arrow (14)]
 18803 | Snake:2  | HP: 3/129 [anaconda (15)]
 18803 | Snake:2  | Constricted to death by an anaconda

Illustrated notes

Levels and vault maps discovered:
D:1:      minmay_arrival_plants_in_alcoves, layout_rooms, serial_curves,
          eino_curves_04, eino_curves_02, shapermc_ecumenical_altar_ellora
D:2:      layout_rooms, serial_forest, infiniplex_forest_straight_4,
          infiniplex_forest_end_3, infiniplex_forest_straight_4,
          infiniplex_forest_clump_C, infiniplex_forest_lined_2,
          infiniplex_forest_clump_large, infiniplex_forest_lined_2,
          kennysheep_another_room, ebering_dispersal_statue_hall
D:3:      corexii_shack_village, layout_basic, elyvilon_altar_4,
          kiku_gazebo_pond_becter, serial_glass, glass_columns_a,
          glass_columns_b, glass_columns_b, glass_columns_b, glass_columns_a,
          glass_columns_c, glass_columns_a, glass_columns_c, serial_shops, shop,
          pf_guarded_unrand_woodcutter
D:4:      minmay_angry_zag, layout_cave_pods, old_standard_altar, serial_shops,
          nicolae_shop_bloodbath_and_beyond, uniq_duvessa
D:5:      layout_rooms, uniq_blork_the_orc
D:6:      layout_loops_ring, worldfamousw_hep_ancestral_shrine,
          minmay_temple_entry_arrows, serial_bayou_pond_d, grunt_ministairs_14,
          uniq_pikel, uniq_menkaure
D:7:      layout_gridville, zin_statuary, yredelemnul_altar_generic,
          gammafunk_ghost_icy, nicolae_elemental_shop
D:8:      layout_basic, nicolae_dithmenos_the_darkroom,
          dreamdust_deal_with_the_devil, uniq_erica
D:9:      layout_loops_ring, lemuel_doored_altar, serial_bayou_pond_b,
          uniq_psyche
D:10:     layout_basic, minmay_lair_entry_grove, zombieorc1_lemuel,
          serial_shops, nicolae_shop_temple_entry_statues_fountains
Temple:   eino_narrow_crystal_temple
Lair:1:   layout_roguey, st_stairs_3, nicolae_lair_liquid_snakes,
          infiniplex_staircase_pool_2
Lair:2:   layout_roguey, nicolae_lair_lindhole
Lair:3:   layout_cave_pods, serial_rivers, chequers_serial_rivers_micro_e,
          chequers_serial_rivers_micro_b, chequers_serial_rivers_small_a,
          chequers_serial_rivers_room_a, pond, uniq_nergalle
Lair:4:   layout_big_grid, minmay_shoals_entry_lonely_mermaid,
          guppyfry_snake_entry_island, serial_bayou_shore_a,
          serial_bayou_shore_b
Snake:1:  layout_chambers
Snake:2:  layout_cave_shapes, grunt_megastairs_2

Skill      XL: |  1  2  3  4  5  6  7  8  9 10 11 12 13 |
---------------+----------------------------------------+-----
Maces & Flails | 3 4 |  4.0
Dodging        | 3 4 5 6 7 8 |  8.7
Fighting       | 3 4 5 6 7 8 9 10 | 10.3
Shields        | 1 2 4 5 7 9 11 12 13 | 13.7
Axes           | 1 2 3 4 5 7 8 10 | 10.3
Stealth        | 2 3 4 5 |  5.2
Armour         | 1 2 3 |  3.9
Throwing       | |  0.4

Action                   |  1- 3 |  4- 6 |  7- 9 | 10-12 | 13-15 || total
-------------------------+-------+-------+-------+-------+-------++-------
Melee: Mace              |   190 |       |       |       |       ||   190
       Hand axe          |       |    16 |       |   238 |   175 ||   429
       War axe           |       |    82 |   219 |   295 |   253 ||   849
       Unarmed           |       |       |       |     1 |       ||     1
Throw: Stone             |       |     1 |     1 |       |       ||     2
       Javelin           |       |       |       |     2 |       ||     2
Invok: Ancestor Life: Ba |       |       |       |     1 |       ||     1
  Use: Scroll            |       |       |     9 |    11 |     6 ||    26
       Potion            |       |       |       |     6 |     5 ||    11
 Stab: Sleeping          |     5 |       |     2 |     2 |     2 ||    11
       Distracted        |       |       |       |     9 |    13 ||    22
Armor: Robe              |    63 |    16 |    24 |    24 |       ||   127
       Skin              |       |       |       |     2 |       ||     2
       Troll leather arm |       |       |       |    46 |    54 ||   100
Dodge: Dodged            |    56 |    26 |    87 |   156 |   126 ||   451
Block: Tower shield      |    73 |    53 |   163 |   381 |   387 ||  1057

Table legend: (Time is in decaauts)
 A = Elapsed time spent in this place.
 B = Non-inter-level travel time spent in this place.
 C = Inter-level travel time spent in this place.
 D = Time resting spent in this place.
 E = Time spent auto-exploring this place.
 F = Levels seen in this place.
 G = Mean time per level.
                   A        B        C        D        E       F      G
               +--------+--------+--------+--------+--------+-----+--------+
         Total |  18970 |  18288 |    682 |   2339 |   4943 |  17 | 1115.9 |
       Dungeon |  10664 |  10128 |    536 |    313 |   2548 |  10 | 1066.4 |
        Temple |    252 |    193 |     59 |      0 |    186 |   1 |  252.0 |
          Lair |   5741 |   5670 |     71 |   1501 |   1444 |   4 | 1435.2 |
     Snake Pit |   2312 |   2296 |     16 |    525 |    765 |   2 | 1156.0 |
               +--------+--------+--------+--------+--------+-----+--------+

Top non-repeatable levels by time:
  Lair:4: 2046 daAuts
 Snake:1: 1939 daAuts
     D:3: 1786 daAuts
  Lair:3: 1407 daAuts
  Lair:1: 1372 daAuts
     D:7: 1219 daAuts
     D:4: 1197 daAuts
     D:6: 1130 daAuts
     D:9: 1108 daAuts
    D:10: 944 daAuts
  Lair:2: 915 daAuts
     D:2: 904 daAuts
     D:5: 903 daAuts
     D:8: 772 daAuts
     D:1: 696 daAuts
